Map: Ulrena

Players

BRY - Winner!

  • Race: Terran Terran

WildCatBrown

  • Race: Protoss Protoss
  • League: Bronze

VOD

Have the link to the VOD?

Description

Time

  • Played on: Dec. 20, 2015, 9:40 a.m.
  • Length: 12:52
Show
View Real Time Build Order
Export as new Build Order

BRY Terran - Winner!

Build Orders: Command Center First (CC), MMM Bio 

Get SALT Encoding   

  12  0:03  SCV  
  13  0:15  SCV  
  14  0:27  SCV  
  15  0:36  Supply Depot  
  15  0:58  SCV  
  16  1:05  Command Center  
  16  1:10  SCV  
  17  1:18  Barracks  
  17  1:22  SCV  
  18  1:34  SCV  
  19  1:44  Barracks  
  19  1:46  SCV  
  20  1:58  SCV  
  21  2:08  Marine  
  21  2:12  SCV  
  21  2:13  Bunker  
  23  2:22  Supply Depot  
  23  2:23  Orbital Command  
  23  2:25  Orbital Command  
  23  2:29  Marine  
  24  2:35  Marine  
  25  2:43  Refinery  
  25  2:48  Barracks  
  25  2:49  SCV  
  26  2:52  SCV  
  26  2:56  Marine  
  28  3:07  Supply Depot  
  28  3:11  SCV, Refinery  
  28  3:12  SCV, Supply Depot  
  30  3:17  Refinery  
  30  3:18  Marine  
  31  3:23  Barracks Tech Lab  
  31  3:26  SCV x2  
  33  3:32  Supply Depot  
  33  3:49  Supply Depot  
  33  3:50  SCV x2  
  35  4:00  Refinery  
  35  4:02  SCV x2  
  37  4:08  Marine  
  38  4:10  Barracks Reactor  
  38  4:12  Marauder  
  38  4:14  SCV x2  
  42  4:21  Factory  
  42  4:32  Supply Depot  
  42  4:33  SCV x2  
  44  4:39  Marine  
  44  4:40  Marauder  
  44  4:43  Command Center  
  47  4:46  SCV x2  
  47  4:49  Engineering Bay  
  49  4:55  Engineering Bay  
  49  4:58  SCV  
  49  4:59  SCV  
  51  5:02  Marine x2  
  51  5:04  Barracks Reactor  
  53  5:08  Stimpack  
  53  5:17  SCV  
  53  5:18  SCV  
  55  5:21  Supply Depot  
  55  5:27  Marine x2  
  57  5:30  SCV  
  57  5:33  Supply Depot  
  57  5:35  Supply Depot  
  58  5:37  Factory Reactor  
  58  5:42  SCV, Starport  
  59  5:43  SCV  
  59  5:45  Marine x2  
  59  5:46  Marine x2  
  59  5:48  Marauder  
  66  5:54  Supply Depot, Missile Turret  
  66  5:59  Missile Turret  
  66  6:00  Terran Infantry Weapons Level 1  
  66  6:02  Terran Infantry Armor Level 1  
  66  6:09  Armory  
  66  6:10  SCV x2  
  68  6:13  Marine x2  
  68  6:15  Marine  
  68  6:17  Marine  
  72  6:21  Marauder  
  74  6:29  SCV x2  
  74  6:32  Orbital Command  
  76  6:36  Refinery  
  76  6:38  Refinery  
  75  6:46  Marine x3  
  77  6:47  Marauder  
  77  6:57  Bunker  
  77  7:00  SCV x3  
  80  7:05  Medivac x2  
  86  7:08  Marauder  
  86  7:12  SCV x3  
  89  7:22  Marine x4  
  93  7:29  Terran Vehicle Weapons Level 1  
  95  7:30  Marauder  
  95  7:35  Medivac x2  
  95  7:36  Sensor Tower  
  99  7:41  Marine x3  
  104  7:51  Marauder  
  104  7:58  Marine  
  105  7:59  Marine  
  105  8:00  Barracks x2  
  105  8:05  Medivac x2  
  100  8:09  Marine x2  
  100  8:12  Marauder  
  102  8:15  SCV x2  
  102  8:16  SCV, Marine x2  
  107  8:26  Barracks  
  107  8:27  Marine  
  107  8:30  Barracks x2  
  107  8:31  Barracks  
  107  8:34  Marauder  
  109  8:38  Terran Infantry Weapons Level 2, Terran Infantry Armor Level 2  
  90  8:51  Marine x3  
  90  8:52  Marine  
  90  8:55  Marauder, Marine  
  97  8:56  Barracks Reactor  
  95  9:15  Barracks Reactor x2  
  95  9:18  Marauder, Marine x3  
  95  9:19  Marine  
  95  9:20  Barracks Tech Lab x2  
  101  9:25  SCV  
  101  9:26  SCV x2  
  101  9:27  Medivac x2  
  108  9:31  Factory Tech Lab  
  108  9:35  Barracks Tech Lab  
  108  9:45  SCV x2, Barracks  
  110  9:46  Barracks  
  110  9:47  Barracks  
  110  9:52  Terran Vehicle Weapons Level 2  
  110  9:58  SCV x2  
  112  10:00  Medivac  
  112  10:01  Command Center, Viking  
  112  10:02  Marine x3  
  112  10:03  Marine x5  
  112  10:04  Marine  
  112  10:05  Marauder x3  
  112  10:06  Marauder  
  133  10:15  Marine  
  133  10:21  Supply Depot x3  
  134  10:25  Supply Depot  
  121  10:38  Marine  
  121  10:39  Marine x8  
  121  10:40  Marauder, Marine  
  121  10:41  Marauder  
  127  10:48  Marine x2  
  127  10:49  Marine x2  
  131  10:50  Combat Shields  
  131  10:52  Concussive Shells  
  131  11:10  Marine x8  
  131  11:11  Marine  
  139  11:12  Marauder  
  137  11:19  Viking x2  
  137  11:22  Marine x2  
  139  11:39  Marine x4  
  141  11:40  Marine x4  
  141  11:46  Marine x2  
  141  11:47  Marine x4  
  143  11:49  Medivac  
  143  11:52  Siege Tank  
  151  11:57  Marine  
  151  11:58  Marine  
  150  12:04  Marine  
  150  12:05  Marine x4  
  155  12:26  Marine x6  
  155  12:27  Marine x3  
  170  12:34  Marine  
Show
View Real Time Build Order
Export as new Build Order

WildCatBrown Protoss 

Build Orders: 1 Gate Expand, Double Forge 

Get SALT Encoding   

  12  0:01  Probe (Chrono Boost)  
  13  0:11  Probe (Chrono Boost)  
  14  0:19  Pylon  
  14  0:22  Probe (Chrono Boost)  
  15  0:34  Assimilator  
  15  0:38  Probe (Chrono Boost)  
  16  0:47  Gateway  
  16  0:48  Probe (Chrono Boost)  
  17  0:59  Probe (Chrono Boost)  
  18  1:09  Probe (Chrono Boost)  
  19  1:24  Nexus  
  19  1:28  Probe (Chrono Boost)  
  20  1:37  Pylon  
  20  1:38  Probe (Chrono Boost)  
  21  1:53  Probe (Chrono Boost)  
  22  1:56  Cybernetics Core  
  22  2:00  Zealot  
  24  2:06  Pylon  
  24  2:10  Assimilator  
  24  2:15  Probe (Chrono Boost)  
  25  2:26  Probe (Chrono Boost)  
  26  2:33  Warp Gate (Chrono Boost)  
  26  2:36  Probe (Chrono Boost)  
  27  2:41  Gateway  
  27  2:42  Probe (Chrono Boost)  
  28  2:47  Probe (Chrono Boost)  
  28  2:49  Stalker  
  31  2:54  Probe (Chrono Boost)  
  31  2:57  Probe (Chrono Boost)  
  33  3:06  Probe (Chrono Boost)  
  33  3:07  Gateway  
  33  3:08  Probe (Chrono Boost)  
  35  3:20  Probe  
  35  3:21  Probe  
  35  3:23  Robotics Facility  
  37  3:29  Assimilator  
  37  3:31  Probe  
  37  3:34  Probe  
  37  3:36  Stalker  
  40  3:42  Probe  
  40  3:45  Stalker  
  40  3:48  Probe  
  44  3:52  Probe, Assimilator  
  45  4:02  Forge  
  45  4:12  Probe  
  46  4:22  Probe  
  46  4:27  Gateway, Warp Prism  
  49  4:38  Robotics Facility  
  49  4:41  Forge  
  49  4:43  Twilight Council  
  49  4:49  Protoss Ground Weapons Level 1 (Chrono Boost)  
  49  4:55  Zealot x2  
  53  5:06  Pylon  
  53  5:10  Probe  
  53  5:13  Pylon  
  54  5:17  Pylon  
  54  5:19  Pylon  
  54  5:24  Mothership Core  
  56  5:34  Photon Cannon  
  56  5:38  Probe  
  56  5:41  Stalker  
  56  5:42  Stalker x2  
  63  5:45  Probe  
  64  5:50  Probe, Protoss Ground Armor Level 1 (Chrono Boost), Blink (Chrono Boost)  
  65  6:01  Probe  
  65  6:03  Probe  
  67  6:07  Gateway  
  67  6:11  Gateway  
  67  6:15  Probe  
  68  6:25  Stalker, Nexus  
  68  6:27  Probe  
  68  6:29  Assimilator  
  68  6:32  Assimilator  
  71  6:35  Protoss Ground Weapons Level 2  
  71  6:36  Pylon  
  70  7:13  Stalker x4, Templar Archives  
  78  7:34  Stalker x2  
  78  7:35  Stalker  
  78  7:36  Stalker x2  
  78  7:37  Stalker  
  80  7:47  Protoss Ground Armor Level 2  
  80  7:52  Immortal x2  
  76  8:11  Stalker  
  76  8:12  Stalker x5  
  80  8:19  Probe  
  83  8:30  Probe  
  83  8:33  Probe  
  85  8:40  Probe  
  70  8:48  Stalker x2  
  70  8:49  Stalker x4  
  70  8:51  Probe  
  83  9:02  Probe  
  83  9:04  Protoss Ground Weapons Level 3  
  83  9:05  Immortal x2  
  92  9:20  Zealot x6  
  104  9:32  Pylon  
  104  9:35  Probe  
  104  9:36  Pylon  
  105  9:41  Pylon  
  105  9:45  Probe  
  106  9:55  Immortal x2  
  106  9:56  Probe  
  115  10:02  Robotics Bay  
  115  10:07  Pylon, Protoss Ground Armor Level 3  
  115  10:10  Pylon  
  87  10:38  Stalker x4  
  87  10:39  Stalker x2  
  81  10:57  Disruptor x2  
  81  11:03  Charge (Chrono Boost)  
  83  11:05  Gravitic Drive  
  83  11:06  Probe  
  82  11:16  Probe  
  75  11:25  Zealot  
  75  11:26  Zealot x4  
  75  11:27  Probe, Zealot  
  51  11:56  Stalker x4  
  51  11:57  Stalker x2  
  41  12:03  Stalker x4  
  41  12:04  Stalker x2  
  47  12:36  High Templar x2  
  27  12:44  Archon  
  27  12:46  Zealot x3  
  27  12:47  Zealot  
Tags
 
Add a new tag
Caveats
  • Supply blocks, unpowered buildings, or Contaminate may cause inaccurate times.
  • Supply counts are checked every 10 seconds.